 Dungeon Crawl Stone Soup version 0.24.0-123-gd5b16e6ec5 (webtiles) character file.

Game seed: 11523185494339067509, levelgen mode: deterministic

286 Descartes the Sneak (level 6, -1/32 HPs)
             Began as a Vine Stalker Wanderer on Feb 5, 2020.
             Slain by an orc priest
             ... wielding a +0 morningstar
              (4 damage)
             ... on level 4 of the Dungeon on Feb 7, 2020.
             The game lasted 00:11:15 (3247 turns).

Descartes the Sneak (Vine Stalker Wanderer)         Turns: 3247, Time: 00:11:16

Health: -1/32      AC:  9    Str: 14    XL:     6   Next: 30%
Magic:  0/7        EV:  7    Int: 13    God:
Gold:   237        SH:  0    Dex: 15    Spells: 5/5 levels left

rFire    . . .     SeeInvis .   y - +0 war axe (venom)
rCold    . . .     Gourm    .   (no shield)
rNeg     . . .     Faith    .   x - +0 chain mail
rPois    .         Spirit   +   p - +0 helmet
rElec    .         Reflect  .   (no cloak)
rCorr    .         Harm     .   (no gloves)
MR       .....                  (no boots)
Stlth    ..........             g - amulet of the acrobat
HPRegen  0.50/turn              (no ring)
MPRegen  0.10/turn              (no ring)

@: no status effects
A: fangs 2, regeneration 1, magic shield, antimagic bite, no potion heal 3, rot
immunity
a: no special abilities


You were on level 4 of the Dungeon.
You were not hungry.

You visited 1 branch of the dungeon, and saw 4 of its levels.

You collected 237 gold pieces.

Inventory:

Hand Weapons
 a - a +1 short sword
 d - a +0 rapier
 y - a +0 war axe of venom (weapon)
Missiles
 k - 67 stones (quivered)
 l - 44 sling bullets
 n - 20 poisoned darts
 z - 12 arrows
 A - 13 bolts
 B - 3 boomerangs
Armour
 c - a +2 leather armour
 p - a +0 helmet (worn)
 s - a +0 scale mail
 x - a +0 chain mail (worn)
Jewellery
 g - an amulet of the acrobat (around neck)
Scrolls
 e - 3 scrolls of enchant weapon
 h - a scroll of random uselessness {unknown}
 i - 3 scrolls of remove curse
 m - 2 scrolls of fog {unknown}
 r - 2 scrolls of identify {unknown}
 u - 2 scrolls of magic mapping {unknown}
 v - a scroll of blinking {unknown}
 w - 2 scrolls of noise {unknown}
Potions
 b - 3 potions of curing
 j - 4 potions of flight {unknown}
 o - 2 potions of might
 q - a potion of mutation {unknown}
Comestibles
 f - 8 rations
 t - 4 chunks of flesh


   Skills:
 + Level 2.7 Fighting
 - Level 1.0 Short Blades
 + Level 0.1 Armour
 + Level 2.5 Dodging
 + Level 5.9 Stealth
 + Level 4.6 Unarmed Combat


You had 5 spell levels left.
You didn't know any spells.
Your spell library was empty.

Dungeon Overview and Level Annotations

Branches:
Dungeon (4/15)
 Temple: D:4-7

Altars:


Innate Abilities, Weirdness & Mutations

You have extremely sharp teeth.
Your natural rate of healing is unusually fast.
When hurt, damage is shared between your health and your magic reserves.
Your bite disrupts and absorbs the magic of your enemies.
Potions cannot restore your health.
You are immune to rotting.


Message History

You hit the orc.
The orc is poisoned.
You bite the orc.
You kill the orc!
You hit the orc priest.
You kill the orc priest!
You hit the orc priest but do no damage.
The orc priest hits you with a +0 morningstar.
Your chain mail prevents you from hitting the orc priest.
Your bite misses the orc priest. The orc priest closely misses you.
The orc priest invokes the aid of Beogh against you.
Pain shoots through your body!
* * * LOW HITPOINT WARNING * * *
You hit the orc priest.
The orc priest is poisoned.
The orc priest is lightly wounded.
The orc priest mumbles some strange prayers to Beogh against you.
Pain shoots through your body!
* * * LOW HITPOINT WARNING * * *
Your chain mail prevents you from hitting the orc priest.
The orc priest is moderately wounded.
The orc priest hits you with a +0 morningstar.
You die...

. ...#########
...........#
..###..##.#
..###...##.#
........##.## ###
..###...#...####.##
###...#.....@o#
###..^####))......
#.########.##
####.....
#.....<..#.######
....
#<######..........
... ###.####### ##
..# ###


You could see an orc priest.

Vanquished Creatures
  An orc priest (D:4)
  A bullfrog skeleton (D:3)
  6 gnolls (D:2)
  5 adders
  An ooze (D:2)
  2 worms (D:3)
  5 dart slugs
  3 leopard geckos
  14 orcs
  6 bats
  3 giant cockroaches
  8 goblins
  9 hobgoblins
  4 jackals (D:1)
  A quokka (D:2)
  2 ball pythons
  5 frilled lizards
  10 kobolds
  7 rats
  A plant (D:1)
94 creatures vanquished.

Notes
Turn   | Place    | Note
-------+----------+-------------------------------------------
     0 | D:1      | Descartes the Vine Stalker Wanderer began the quest for the
                  | Orb.
     0 | D:1      | Descartes set off with the following items: a +0 short
                  | sword, a potion of curing, a +2 leather armour, a +0
                  | dagger, a ration
     0 | D:1      | Reached XP level 1. HP: 11/11 MP: 2/2
    19 | D:1      | Reached skill level 1 in Unarmed Combat
    49 | D:1      | Reached XP level 2. HP: 6/16 MP: 1/3
   569 | D:1      | Reached XP level 3. HP: 17/19 MP: 4/4
  1694 | D:2      | Reached skill level 4 in Stealth
  1694 | D:2      | Gained mutation: Your natural rate of healing is unusually
                  | fast. [Vine Stalker growth]
  1694 | D:2      | Reached XP level 4. HP: 11/23 MP: 2/5
  2126 | D:2      | Reached XP level 5. HP: 25/27 MP: 6/6
  2198 | D:2      | Reached skill level 5 in Stealth
  2733 | D:3      | Reached XP level 6. HP: 27/32 MP: 7/7
  3247 | D:4      | Slain by an orc priest

Levels and vault maps discovered:
D:1:      minmay_arrival_open_corners, layout_rooms, serial_bayou_lake_a
D:2:      layout_loops_cross, grunt_ministairs_5
D:3:      layout_loops_ring, first_ration
D:4:      minmay_chambers_of_twos, layout_loops_ring, kennysheep_mini_moat,
          lemuel_statue_altar

Skill      XL: |  1  2  3  4  5 |
---------------+----------------+-----
Unarmed Combat | 1 2 3 4 |  4.6
Stealth        | 4 5 |  5.9
Fighting       | |  2.7
Short Blades   | |  1.0
Armour         | |  0.1
Dodging        | |  2.5

Action                   |  1- 3 |  4- 6 || total
-------------------------+-------+-------++-------
Melee: Short sword       |   179 |   179 ||   358
       Bite              |    42 |    49 ||    91
       Punch             |     2 |     4 ||     6
       War axe           |       |    30 ||    30
  Use: Scroll            |       |     2 ||     2
 Stab: Sleeping          |     1 |     8 ||     9
       Distracted        |       |     1 ||     1
  Eat: Chunk             |     2 |     6 ||     8
Armor: Leather armour    |    40 |    33 ||    73
       Chain mail        |       |    32 ||    32
Dodge: Dodged            |    92 |   115 ||   207
